 Dungeon Crawl Stone Soup version 0.30-a0-170-g85af917532 (webtiles) character file.

Game seed: 12127839219326583856

5070 qw the Cleaver (level 10, -9/64 HPs)
             Began as a Gargoyle Fighter on Sept 30, 2022.
             Was an Elder of Okawaru.
             Shot with an arrow by a centaur warrior (15 damage)
             ... on level 9 of the Dungeon.
             The game lasted 00:03:15 (9364 turns).

qw the Cleaver (Gargoyle Fighter)                   Turns: 9364, Time: 00:03:15

Health: -9/64      AC: 20    Str: 25    XL:     10   Next: 56%
Magic:  11/13      EV: 13    Int:  8    God:    Okawaru [****..]
Gold:   806        SH:  6    Dex:  9    Spells: 9/9 levels left

rFire   . . .      SeeInvis .    l - +0 flail
rCold   . . .      Faith    .    c - +0 buckler
rNeg    + . .      Spirit   .    o - +0 acid dragon scales
rPois   inf        Reflect  .    j - +0 helmet
rElec   +          Harm     .    (no cloak)
rCorr   +          Rampage  .    (no gloves)
Will    .....                    (no boots)
Stlth   ++........               (no amulet)
HPRegen 0.20/turn                n - +4 ring of protection
MPRegen 0.13/turn                (no ring)

@: heroic
A: sickness immunity, AC +7, negative energy resistance 1, electricity
resistance, torment resistance 1, petrification resistance
a: Renounce Religion, Heroism, Finesse


You were on level 9 of the Dungeon.
You worshipped Okawaru.
Okawaru was greatly pleased with you.
You visited 2 branches of the dungeon, and saw 10 of its levels.
You also visited: Ossuary.

You collected 806 gold pieces.


Innate Abilities, Weirdness & Mutations

You are immune to sickness and miasma.
Your stone body is resilient. (AC +7)
You are immune to poison.
You resist negative energy. (rN+)
You are resistant to electric shocks. (rElec)
You are resistant to unholy torment.
You are immune to petrification.


   Skills:
 - Level 8.2(13.2) Fighting
 + Level 10.0(15.0) Axes
 - Level 2.4(7.4) Throwing
 - Level 3.2(8.2) Armour
 - Level 4.0(9.0) Dodging
 - Level 6.0(11.0) Shields
 + Level 4.1 Invocations


You had 9 spell levels left.
You didn't know any spells.
Your spell library was empty.

Inventory:

Hand Weapons
 l - a +0 flail (weapon)
 Y - a +2 war axe
Armour
 c - a +0 buckler (worn)
 j - a +0 helmet (worn)
 o - +0 acid dragon scales (worn)
Jewellery
 h - a ring of fire
 m - a ring of resist corrosion
 n - a +4 ring of protection (left hand)
Scrolls
 a - a scroll of identify
 e - a scroll of teleportation
Potions
 d - a potion of might
 g - a potion of mutation
 i - 3 potions of lignification
 q - a potion of cancellation

Dungeon Overview and Level Annotations

Branches:
Dungeon (9/15)             Temple (1/1) D:4            Lair (0/5) D:8
Ossuary (visited)
    Orc: D:9-12

Altars:
Ashenzari
Cheibriados
Elyvilon
Hepliaklqana
Kikubaaqudgha
Makhleb
Nemelex Xobeh
Okawaru
Qazlal
Ru
Sif Muna
Trog
Uskayaw
Vehumet
Wu Jian
Xom
Yredelemnul
The Shining One


Message History

As you read the scroll of teleportation, it crumbles to dust.
You feel strangely unstable. You block the killer bee's attack.
The hornet stings you but does no damage.
The killer bee barely misses you. The five-headed hydra bites you.
The five-headed hydra bites you but does no damage.
The five-headed hydra bites you.
The five-headed hydra bites you but does no damage.
The five-headed hydra barely misses you.
9361 ||| DRINKING potion of heal wounds.
You feel much better.
The killer bee stings you but does no damage.
The hornet stings you but does no damage.
The killer bee barely misses you.
The hornet stings you but does no damage.
The five-headed hydra completely misses you.
The five-headed hydra bites you.
The five-headed hydra closely misses you.
The five-headed hydra bites you but does no damage.
The five-headed hydra bites you!
You completely miss the five-headed hydra.
The five-headed hydra is moderately wounded.
The killer bee closely misses you. You block the hornet's attack.
You block the killer bee's attack. The five-headed hydra bites you!
The five-headed hydra bites you.
The five-headed hydra closely misses you.
The five-headed hydra misses you.
The five-headed hydra bites you but does no damage.
You sock the five-headed hydra!
The five-headed hydra is heavily wounded.
You block the hornet's attack. The killer bee completely misses you.
You barely miss the five-headed hydra.
The five-headed hydra is heavily wounded.
Your surroundings suddenly seem different.
A centaur warrior comes into view. It is wielding a +0 falchion.
The centaur warrior shouts!
You hear a shout!
The centaur warrior unwields a +0 falchion.
The centaur warrior wields a +0 shortbow.
The centaur warrior shoots an arrow.
The arrow hits you!
You die...

#####... ##..#
#(..7.....7..#
#.O..## #.#
#.....7.7......
#(. ...##..
......77.77..##.
...c.##
###.#..... .###.
.....###...# ...
## #. ........#.
. .#. #.
#......#... #.
#......... #.
#@....... ####.
#.......#. #....
#.......##
###.##.
......##....
#...##. .....###
#..# #.####.
.....##
.#.#.####. ...##
#..[..... ..#
###.#####.
....#.....


You could see a centaur warrior.

Vanquished Creatures
  A two-headed ogre (D:8)
  A tengu warrior (D:9)
  A komodo dragon (D:8)
  2 trolls (D:8)
  A wyvern (D:8)
  6 yaks (D:8)
  Menkaure (D:7)
  An acid dragon (D:8)
  A water moccasin (D:5)
  An ice beast (D:6)
  2 sky beasts
  2 ogres
  A centaur (D:9)
  An elf zombie (Ossuary)
  A necrophage (D:4)
  2 bullfrogs
  3 scorpions
  4 wights (D:7)
  3 killer bees (D:9)
  A jelly (D:7)
  4 hounds
  An orc priest (D:7)
  A gnoll bouda (D:7)
  4 iguanas
  An orc wizard (D:7)
  2 mummies (Ossuary)
  5 gnolls (D:7)
  7 adders
  4 shadow imps
  A white imp (D:6)
  An ufetubus (D:7)
  A dart slug (D:2)
  5 orcs
  3 bats (D:1)
  5 endoplasms
  6 giant cockroaches
  2 gnoll zombies (Ossuary)
  8 goblins
  9 hobgoblins
  4 jackals
  4 kobolds
  9 quokkas
  3 ball pythons
  3 frilled lizards
  7 goblin zombies (Ossuary)
  2 hobgoblin zombies (Ossuary)
  3 orc zombies
  20 rats
  A rat zombie (D:5)
162 creatures vanquished.

Vanquished Creatures (others)
  A wizard (D:7)
  18 plants
19 creatures vanquished.

Grand Total: 181 creatures vanquished

Notes
Turn   | Place    | Note
-------+----------+-------------------------------------------
     0 | D:1      | qw the Gargoyle Fighter began the quest for the Orb.
     0 | D:1      | Reached XP level 1. HP: 14/14 MP: 1/1
     0 | D:1      | 0 ||| qw: Version: 0.2-a-12-gaebbb33
     0 | D:1      | 0 ||| qw: Game counter: 1541
     0 | D:1      | 0 ||| qw: Always use a shield: true
     0 | D:1      | 0 ||| qw: God list: Okawaru
     0 | D:1      | 0 ||| qw: Allow faded altars: false
     0 | D:1      | 0 ||| qw: Do Orc after D:15 true
     0 | D:1      | 0 ||| qw: Do second Lair branch before Depths: true
     0 | D:1      | 0 ||| qw: Lair rune preference: random
     0 | D:1      | 0 ||| qw: Plans: Normal, Zot:1-4, God:TSO, Crypt, Tomb,
                  | Pan, Slime:5, Hells, Abyss, Orb
     0 | D:1      | 0 ||| PLANNING D:1-11
    21 | D:1      | Reached skill level 2 in Axes
    89 | D:1      | Reached XP level 2. HP: 19/19 MP: 2/2
   159 | D:1      | Found a faded altar of an unknown god.
   399 | D:1      | You fall into a shaft and drop 1 floor!
   439 | D:2      | Reached skill level 3 in Axes
   535 | D:2      | 535 ||| READING 2 scrolls labelled OMATSURUSA.
   536 | D:2      | 536 ||| READING 3 scrolls labelled FUURHA XIMAA.
   537 | D:2      | 537 ||| DRINKING 2 emerald potions.
   563 | D:2      | 563 ||| DROPPING 2 scrolls of immolation.
   571 | D:2      | Reached XP level 3. HP: 23/23 MP: 3/3
   890 | D:1      | 890 ||| UPGRADING to +0 helmet.
   895 | D:1      | 895 ||| READING 2 scrolls labelled AGAFEFOELITIA.
   896 | D:1      | 896 ||| DROPPING scroll of blinking.
   924 | D:2      | 924 ||| Stepping ~*~*~tactically~*~*~ (stealth).
   925 | D:2      | 925 ||| Stepping ~*~*~tactically~*~*~ (stealth).
  1002 | D:2      | 1002 ||| DROPPING +0 club.
  1463 | D:2      | 1463 ||| READING scroll labelled UNOERIX DUPU.
  1464 | D:2      | 1464 ||| READING scroll labelled JAUPNE VUOG.
  1513 | D:3      | Noticed a scorpion
  1523 | D:3      | Killed a scorpion
  1524 | D:3      | Reached skill level 4 in Axes
  1524 | D:3      | Reached XP level 4. HP: 23/28 MP: 4/4
  1593 | D:3      | Found an ornate altar of the Wu Jian Council.
  1657 | D:3      | Reached XP level 5. HP: 32/32 MP: 5/5
  1695 | D:3      | Found a shimmering blue altar of Sif Muna.
  2025 | D:3      | 2025 ||| UPGRADING to +4 ring of protection.
  2063 | D:4      | 2063 ||| Stepping ~*~*~tactically~*~*~ (stealth).
  2083 | D:4      | Reached skill level 5 in Axes
  2149 | D:4      | Found a burning altar of Makhleb.
  2426 | D:4      | Reached XP level 6. HP: 39/39 MP: 6/6
  2508 | D:4      | HP: 2/39 [ogre/+0 giant spiked club (16)]
  2509 | D:4      | 2509 ||| READING 2 scrolls of teleportation.
  2511 | D:4      | Reached skill level 1 in Dodging
  2826 | D:4      | 2826 ||| Stepping ~*~*~tactically~*~*~ (stealth).
  3031 | D:4      | Found a staircase to the Ecumenical Temple.
  3032 | D:4      | 3032 ||| PLANNING TEMPLE
  3032 | D:4      | 3032 ||| READING scroll labelled HEMUTU JAHATY.
  3033 | D:4      | 3033 ||| READING 5 scrolls of identify.
  3033 | D:4      | 3033 ||| IDENTIFYING metallic cyan potion
  3034 | D:4      | 3034 ||| READING 4 scrolls of identify.
  3034 | D:4      | 3034 ||| IDENTIFYING metallic silvery potion
  3035 | D:4      | 3035 ||| READING 3 scrolls of identify.
  3035 | D:4      | 3035 ||| IDENTIFYING golden potion
  3036 | D:4      | 3036 ||| READING 2 scrolls of identify.
  3036 | D:4      | 3036 ||| IDENTIFYING lumpy blue potion
  3037 | D:4      | 3037 ||| DROPPING potion of flight.
  3038 | D:4      | 3038 ||| DROPPING potion of berserk rage.
  3039 | D:4      | 3039 ||| DROPPING potion of degeneration.
  3048 | Temple   | Entered the Ecumenical Temple
  3051 | Temple   | 3051 ||| PLANNING OKAWARU WORSHIP
  3404 | Temple   | Became a worshipper of Warmaster Okawaru
  3405 | Temple   | 3405 ||| PLANNING D:1-11
  3583 | D:4      | 3583 ||| READING 2 scrolls of identify.
  3583 | D:4      | 3583 ||| IDENTIFYING glowing coppery potion
  3584 | D:4      | 3584 ||| DROPPING potion of ambrosia.
  3611 | D:5      | Entered Level 5 of the Dungeon
  3612 | D:5      | 3612 ||| PLANNING OSSUARY
  3758 | D:5      | Noticed a water moccasin
  3788 | D:5      | Killed a water moccasin
  3789 | D:5      | Reached skill level 6 in Axes
  3789 | D:5      | Reached XP level 7. HP: 23/44 MP: 7/7
  3967 | D:5      | 3967 ||| Stepping ~*~*~tactically~*~*~ (hiding).
  4035 | D:5      | 4035 ||| Stepping ~*~*~tactically~*~*~ (hiding).
  4159 | D:5      | Found a stormy altar of Qazlal.
  4204 | D:5      | Found a sand-covered staircase.
  4205 | D:5      | 4205 ||| FLEEEEING.
  4208 | D:5      | 4208 ||| FLEEEEING.
  4209 | D:5      | 4209 ||| FLEEEEING.
  4213 | D:5      | 4213 ||| FLEEEEING.
  4219 | D:5      | 4219 ||| FLEEEEING.
  4227 | D:5      | 4227 ||| STAIRDANCE
  4229 | D:4      | 4229 ||| READING 3 scrolls of identify.
  4229 | D:4      | 4229 ||| IDENTIFYING inky potion
  4230 | D:4      | 4230 ||| READING 2 scrolls of identify.
  4230 | D:4      | 4230 ||| IDENTIFYING glowing clear potion
  4231 | D:4      | 4231 ||| DROPPING potion of invisibility.
  4232 | D:4      | 4232 ||| DROPPING potion of brilliance.
  4236 | D:5      | 4236 ||| FLEEEEING.
  4237 | D:5      | 4237 ||| STAIRDANCE
  4244 | D:5      | 4244 ||| STAIRDANCE
  4257 | D:5      | 4257 ||| FLEEEEING.
  4266 | D:5      | 4266 ||| STAIRDANCE
  4289 | D:5      | 4289 ||| FLEEEEING.
  4290 | D:5      | 4290 ||| FLEEEEING.
  4291 | D:5      | 4291 ||| FLEEEEING.
  4292 | D:5      | 4292 ||| FLEEEEING.
  4295 | D:5      | 4295 ||| FLEEEEING.
  4332 | Ossuary  | Entered an ossuary
  4562 | D:5      | 4562 ||| PLANNING D:1-11
  4591 | D:5      | 4591 ||| Stepping ~*~*~tactically~*~*~ (stealth).
  4622 | D:5      | HP: 11/44 [ogre/+0 giant club (11)]
  4623 | D:5      | 4623 ||| READING scroll of teleportation.
  4624 | D:5      | 4624 ||| DRINKING potion of heal wounds.
  4888 | D:6      | Reached skill level 7 in Axes
  4952 | D:6      | Reached * piety under Okawaru
  4960 | D:6      | Reached XP level 8. HP: 38/49 MP: 8/8
  5041 | D:6      | 5041 ||| INVOKING Heroism.
  5045 | D:6      | Reached skill level 1 in Invocations
  5324 | D:6      | Identified the +0 leather armour "Mugriuhe" {Rampage rCorr}
  5418 | D:6      | 5418 ||| INVOKING Heroism.
  5807 | D:6      | 5807 ||| Stepping ~*~*~tactically~*~*~ (stealth).
  5813 | D:6      | 5813 ||| INVOKING Heroism.
  5821 | D:6      | Reached skill level 1 in Throwing
  5821 | D:6      | Reached skill level 3 in Invocations
  6076 | D:7      | 6076 ||| Stepping ~*~*~tactically~*~*~ (stealth).
  6078 | D:7      | 6078 ||| Stepping ~*~*~tactically~*~*~ (hiding).
  6090 | D:7      | 6090 ||| INVOKING Heroism.
  6155 | D:7      | 6155 ||| FLEEEEING.
  6279 | D:7      | 6279 ||| Stepping ~*~*~tactically~*~*~ (stealth).
  6280 | D:7      | 6280 ||| Stepping ~*~*~tactically~*~*~ (stealth).
  6311 | D:7      | 6311 ||| Stepping ~*~*~tactically~*~*~ (stealth).
  6312 | D:7      | 6312 ||| Stepping ~*~*~tactically~*~*~ (hiding).
  6314 | D:7      | 6314 ||| Stepping ~*~*~tactically~*~*~ (hiding).
  6315 | D:7      | 6315 ||| Stepping ~*~*~tactically~*~*~ (hiding).
  6316 | D:7      | 6316 ||| Stepping ~*~*~tactically~*~*~ (hiding).
  6317 | D:7      | 6317 ||| Stepping ~*~*~tactically~*~*~ (hiding).
  6319 | D:7      | 6319 ||| Stepping ~*~*~tactically~*~*~ (hiding).
  6320 | D:7      | 6320 ||| Stepping ~*~*~tactically~*~*~ (hiding).
  6324 | D:7      | 6324 ||| INVOKING Heroism.
  6333 | D:7      | 6333 ||| Stepping ~*~*~tactically~*~*~ (stealth).
  6334 | D:7      | 6334 ||| Stepping ~*~*~tactically~*~*~ (stealth).
  6343 | D:7      | 6343 ||| Stepping ~*~*~tactically~*~*~ (hiding).
  6346 | D:7      | 6346 ||| INVOKING Heroism.
  6354 | D:7      | Reached skill level 8 in Axes
  6362 | D:7      | 6362 ||| INVOKING Heroism.
  6438 | D:7      | 6438 ||| FLEEEEING.
  6439 | D:7      | 6439 ||| FLEEEEING.
  6440 | D:7      | 6440 ||| FLEEEEING.
  6441 | D:7      | 6441 ||| FLEEEEING.
  6442 | D:7      | 6442 ||| FLEEEEING.
  6445 | D:7      | 6445 ||| FLEEEEING.
  6446 | D:7      | 6446 ||| FLEEEEING.
  6628 | D:7      | Noticed Menkaure
  6629 | D:7      | 6629 ||| Stepping ~*~*~tactically~*~*~ (hiding).
  6630 | D:7      | 6630 ||| Stepping ~*~*~tactically~*~*~ (hiding).
  6634 | D:7      | 6634 ||| INVOKING Heroism.
  6642 | D:7      | Killed Menkaure
  6643 | D:7      | Reached skill level 6 in Fighting
  6643 | D:7      | Reached XP level 9. HP: 30/55 MP: 10/12
  6863 | D:7      | 6863 ||| INVOKING Heroism.
  6994 | D:7      | Found a basalt altar of Yredelemnul.
  7017 | D:7      | Found a bloodstained altar of Trog.
  7018 | D:7      | Noticed a wizard
  7023 | D:7      | Killed a wizard
  7109 | D:7      | 7109 ||| Stepping ~*~*~tactically~*~*~ (stealth).
  7112 | D:7      | 7112 ||| FLEEEEING.
  7113 | D:7      | 7113 ||| FLEEEEING.
  7126 | D:7      | 7126 ||| FLEEEEING.
  7127 | D:7      | 7127 ||| FLEEEEING.
  7194 | D:7      | 7194 ||| DROPPING +0 mace.
  7266 | D:7      | 7266 ||| READING scroll labelled IRRAQAPL HUCE.
  7267 | D:7      | 7267 ||| READING 2 scrolls labelled CEANARPHIQE.
  7268 | D:7      | 7268 ||| READING scroll of enchant weapon.
  7268 | D:7      | 7268 ||| ENCHANTING +1 war axe.
  7293 | D:8      | 7293 ||| STAIRDANCE
  7323 | D:8      | 7323 ||| STAIRDANCE
  7453 | D:8      | Found a staircase to the Lair.
  7454 | D:8      | Noticed a komodo dragon
  7455 | D:8      | 7455 ||| INVOKING Heroism.
  7471 | D:8      | Killed a komodo dragon
  7471 | D:8      | Reached ** piety under Okawaru
  7472 | D:8      | Reached skill level 9 in Axes
  7674 | D:8      | 7674 ||| INVOKING Heroism.
  7697 | D:8      | Reached skill level 10 in Axes
  8107 | D:8      | Noticed a two-headed ogre
  8108 | D:8      | 8108 ||| INVOKING Heroism.
  8116 | D:8      | Killed a two-headed ogre
  8116 | D:8      | Reached *** piety under Okawaru
  8117 | D:8      | Reached XP level 10. HP: 28/63 MP: 10/13
  8292 | D:8      | 8292 ||| INVOKING Heroism.
  8462 | D:8      | 8462 ||| Stepping ~*~*~tactically~*~*~ (stealth).
  8548 | D:8      | Found a broken altar of Ashenzari.
  8550 | D:8      | Found a white marble altar of Elyvilon.
  8606 | D:8      | 8606 ||| INVOKING Heroism.
  9073 | D:8      | 9073 ||| DROPPING +0 leather armour "Mugriuhe" {Rampage
                  | rCorr}.
  9074 | D:8      | 9074 ||| UPGRADING to +0 acid dragon scales.
  9084 | D:8      | 9084 ||| DROPPING +0 scale mail.
  9085 | D:8      | 9085 ||| READING 2 scrolls of identify.
  9085 | D:8      | 9085 ||| IDENTIFYING bubbling grey potion
  9191 | D:9      | Found a sacrificial altar of Ru.
  9330 | D:9      | 9330 ||| Stepping ~*~*~tactically~*~*~ (hiding).
  9334 | D:9      | Noticed a tengu warrior
  9336 | D:9      | 9336 ||| INVOKING Heroism.
  9338 | D:9      | Noticed a five-headed hydra
  9342 | D:9      | Killed a tengu warrior
  9342 | D:9      | Reached **** piety under Okawaru
  9343 | D:9      | Reached skill level 6 in Shields
  9344 | D:9      | Noticed a five-headed hydra
  9348 | D:9      | 9348 ||| SWAPPING to +0 flail.
  9350 | D:9      | 9350 ||| Stepping ~*~*~tactically~*~*~ (stealth).
  9350 | D:9      | Noticed a two-headed ogre
  9351 | D:9      | 9351 ||| Stepping ~*~*~tactically~*~*~ (stealth).
  9359 | D:9      | 9359 ||| INVOKING Heroism.
  9359 | D:9      | HP: 15/64 [five-headed hydra (7)]
  9360 | D:9      | 9360 ||| READING 2 scrolls of teleportation.
  9360 | D:9      | HP: 7/64 [five-headed hydra (5)]
  9361 | D:9      | 9361 ||| DRINKING potion of heal wounds.
  9364 | D:9      | Noticed a centaur warrior
  9364 | D:9      | Shot with an arrow by a centaur warrior

Levels and vault maps discovered:
D:1:      dpeg_arrival_fog, layout_rooms,
          dreamdust_ecumenical_altar_angels_and_demons
D:2:      layout_rooms
D:3:      layout_basic, mainiacjoe_overflow_chevrons, overflow_temple_1_default,
          minmay_rat_hole
D:4:      layout_loops_ring, lemuel_crystal_altar, minmay_temple_entry_junction,
          minmay_misc_feat_rugged, grunt_ministairs_4
D:5:      layout_gridville, kennysheep_little_box, enter_ossuary_3
D:6:      layout_basic
D:7:      layout_basic, trog_wizard, mainiacjoe_overflow_alcove_1, uniq_menkaure
D:8:      layout_basic, nicolae_overflow_hidden_temple, david_lair_shrubbed
D:9:      minmay_the_grid_four_pointed_star_mashed
          [minmay_the_grid_triangle_9x9_intruding_spiral,
          minmay_the_grid_triangle_9x9_checkered,
          minmay_the_grid_triangle_9x9_sparse_checkered,
          minmay_the_grid_triangle_9x9_zippers_horizontal,
          minmay_the_grid_prize_inner_circle], layout_basic,
          mainiacjoe_overflow_small_starburst, mainiacjoe_overflow_cross_hatched
Temple:   compressed_dpeg_triangle_lava_temple

Skill      XL: |  1  2  3  4  5  6  7  8  9 10 |
---------------+-------------------------------+-----
Axes           | 2 3 4 5 6 7 8 10 | 10.0
Fighting       | 4 5 6 7 8 |  8.2
Dodging        | 1 4 |  4.0
Invocations    | 4 |  4.1
Throwing       | 2 |  2.4
Shields        | 4 6 |  6.0
Armour         | |  3.2

Action                   |  1- 3 |  4- 6 |  7- 9 | 10-12 || total
-------------------------+-------+-------+-------+-------++-------
Melee: War axe           |   129 |   202 |   275 |    54 ||   660
       Flail             |       |       |       |    11 ||    11
Throw: Javelin           |       |       |    18 |     4 ||    22
Invok: Heroism           |       |       |    12 |     4 ||    16
  Use: Scroll            |     5 |     7 |     6 |     2 ||    20
       Potion            |     1 |       |     1 |     1 ||     3
Armor: Scale mail        |    68 |   105 |   111 |    14 ||   298
       Acid dragon scale |       |       |       |    42 ||    42
Dodge: Dodged            |    55 |    99 |   117 |    73 ||   344
Block: Buckler           |    31 |    33 |    43 |    29 ||   136

Table legend:
 A = Non-vault XP
 B = Vault XP
 C = Vault XP percentage of total XP
 D = Non-vault monster count
 E = Vault monster count
 F = Vault count percentage of total count
                 A         B        C        D         E       F
            +---------+---------+-------+---------+---------+-------
      Total |    5651 |    1592 |  22.0 |     120 |      42 |  25.9
            +---------+---------+-------+---------+---------+-------
        D:1 |      32 |       0 |   0.0 |      18 |       0 |   0.0
        D:2 |      46 |       0 |   0.0 |      17 |       0 |   0.0
        D:3 |     105 |      20 |  16.0 |       9 |      19 |  67.9
        D:4 |     355 |      44 |  11.0 |      21 |       2 |   8.7
        D:5 |     296 |       2 |   0.7 |       7 |       2 |  22.2
        D:6 |     676 |       0 |   0.0 |      13 |       0 |   0.0
        D:7 |     837 |     175 |  17.3 |      18 |       1 |   5.3
        D:8 |    3001 |     389 |  11.5 |      13 |       1 |   7.1
        D:9 |     303 |     818 |  73.0 |       4 |       1 |  20.0
    Ossuary |       0 |     144 | 100.0 |       0 |      16 | 100.0
            +---------+---------+-------+---------+---------+-------
